 Dungeon Crawl Stone Soup version 0.27-a0-277-g024f7ef292 (webtiles) character file.

Game seed: 17208001329016087354

67 skwiii the Stinger (level 4, 0/30 HPs)
             Began as a Merfolk Venom Mage on Feb 6, 2021.
             Slain by a worm (4 damage)
             ... on level 2 of the Dungeon.
             The game lasted 00:11:29 (2825 turns).

skwiii the Stinger (Merfolk Venom Mage)             Turns: 2825, Time: 00:11:29

Health: 0/30       AC:  2    Str:  8    XL:     4   Next: 18%
Magic:  2/8        EV: 13    Int: 15    God:
Gold:   55         SH:  0    Dex: 14    Spells: 6/9 levels left

rFire    . . .     SeeInvis .   (no weapon)
rCold    . . .     Faith    .   (no shield)
rNeg     . . .     Spirit   .   a - +0 robe
rPois    .         Reflect  .   (no helmet)
rElec    .         Harm     .   (no cloak)
rCorr    .         Rampage  .   (no gloves)
Will     .....                  (no boots)
Stlth    ++........             (no amulet)
HPRegen  0.10/turn              (no ring)
MPRegen  0.11/turn              (no ring)

@: lethally poisoned (0 -> -5)
A: change form in water, swift swim, stealthy swim
a: no special abilities


You were on level 2 of the Dungeon.
You visited 1 branch of the dungeon, and saw 2 of its levels.

You collected 55 gold pieces.

Inventory:

Armour
 a - a +0 robe (worn)
 f - a cursed +0 helmet
Jewellery
 i - an uncursed ring of willpower {unknown}
Scrolls
 d - 2 scrolls of identify {unknown}
 e - 2 scrolls of magic mapping {unknown}
 g - a scroll of immolation {unknown}
 h - 2 scrolls of remove curse {unknown}
 k - a scroll of amnesia {unknown}
Potions
 b - a potion of heal wounds {unknown}
 c - a potion of degeneration {unknown}
 j - 2 potions of curing {unknown}


   Skills:
 - Level 2.6 Dodging
 - Level 2.1 Stealth
 + Level 3.1 Spellcasting
 - Level 1.3 Transmutations
 + Level 4.4 Poison Magic


You had 6 spell levels left.
You knew the following spells:

 Your Spells              Type           Power        Failure   Level
a - Sting                 Tmut/Pois      44%          6%          1
b - Poisonous Vapours     Pois/Air       18%          12%         2

Your spell library contained the following spells:

 Spells                   Type           Power        Failure   Level
 Ignite Poison            Fire/Tmut/Pois 8%           26%         3
 Olgreb's Toxic Radiance  Pois           15%          30%         4
 Mephitic Cloud           Conj/Pois/Air  6%           32%         3


Dungeon Overview and Level Annotations

Branches:
Dungeon (2/15)

Altars:


Message History

You are poisoned.
The adder poisons you!
You feel sick.
You feel sick.
The kobold shouts!
The kobold barely misses you. The adder misses you. The adder misses you.
The kobold hits you with a +0 war axe!
* * * LOW HITPOINT WARNING * * *
The kobold throws a stone.
The stone closely misses you.
The stone hits the worm.
The kobold barely misses you. The worm misses you. The adder bites you.
* * * LOW HITPOINT WARNING * * *
You see here a short sword.
You feel sick.
There is a stone staircase leading down here.
You can't go up here!
The adder bites you.
* * * LOW HITPOINT WARNING * * *
The worm bites you.
You die...

#.####...##.).........#
... #...#.)##.########
#.## ##....###.# #.
#....##..# # #....##.##
#######..#....###
#........)......####
...#######.....w....#
#......@SK.###
#.....######...#
....##..# ###.# ...
....# ... .. .###.#
.... . #.. ..K.. ...
.... ....


You could see a worm, an adder and a kobold.

Vanquished Creatures
  2 oozes (D:1)
  2 worms (D:2)
  2 dart slugs (D:1)
  A ball python (D:1)
  2 giant cockroaches (D:1)
  7 goblins
  5 hobgoblins
  3 jackals (D:2)
  11 kobolds
  6 bats
  A frilled lizard (D:1)
  7 rats
49 creatures vanquished.

Notes
Turn   | Place    | Note
-------+----------+-------------------------------------------
     0 | D:1      | skwiii the Merfolk Venom Mage began the quest for the Orb.
     0 | D:1      | Reached XP level 1. HP: 13/13 MP: 3/3
   162 | D:1      | Reached XP level 2. HP: 9/19 MP: 0/5
  1054 | D:1      | Reached XP level 3. HP: 20/24 MP: 1/6
  1057 | D:1      | Reached skill level 4 in Poison Magic
  1403 | D:1      | Learned a level 2 spell: Poisonous Vapours
  2501 | D:2      | Reached XP level 4. HP: 30/30 MP: 0/8
  2825 | D:2      | Slain by a worm

Illustrated notes

Levels and vault maps discovered:
D:1:      dpeg_arrival_rooms_a, layout_loops_ring, chequers_serial_rivers_marsh,
          minivault_25, amcnicky_mini_pool_small
D:2:      layout_rooms, old_standard_altar, serial_bayou_pond_c,
          minmay_tromino_i4

Skill      XL: |  1  2  3 |
---------------+----------+-----
Poison Magic   | 4 |  4.4
Spellcasting   | 3 |  3.1
Dodging        | |  2.6
Stealth        | |  2.1
Transmutations | |  1.3

Action                   |  1- 3 |  4- 6 || total
-------------------------+-------+-------++-------
Melee: Unarmed           |    35 |    15 ||    50
 Cast: Sting             |    43 |     2 ||    45
       Poisonous Vapours |    22 |    11 ||    33
Armor: Robe              |     8 |    11 ||    19
Dodge: Dodged            |    70 |    37 ||   107

Table legend: (Time is in decaauts)
 A = Elapsed time spent in this place.
 B = Non-inter-level travel time spent in this place.
 C = Inter-level travel time spent in this place.
 D = Time resting spent in this place.
 E = Time spent auto-exploring this place.
 F = Levels seen in this place.
 G = Mean time per level.
                   A        B        C        D        E       F      G
               +--------+--------+--------+--------+--------+-----+--------+
         Total |   2819 |   2787 |     32 |    751 |   1245 |   2 | 1409.5 |
       Dungeon |   2819 |   2787 |     32 |    751 |   1245 |   2 | 1409.5 |
               +--------+--------+--------+--------+--------+-----+--------+

Top non-repeatable levels by time:
     D:1: 2020 daAuts
     D:2: 798 daAuts
